 Dungeon Crawl Stone Soup version 0.29.0 (webtiles) character file.

Game seed: 13559480026348500571

1005 worthlessgem the Changer (level 8, -10/44 HPs)
             Began as a Felid Transmuter on Aug 25, 2022.
             Was a Priest of Okawaru.
             Mangled by an orc knight
             ... wielding a +0 bardiche
              (17 damage)
             ... in a bailey.
             The game lasted 01:09:10 (9055 turns).

worthlessgem the Changer (Felid Transmuter)         Turns: 9055, Time: 01:09:11

Health: -10/44     AC:  9    Str:  6    XL:     8   Next: 0%
Magic:  6/14       EV: 13    Int: 24    God:    Okawaru [***...]
Gold:   394        SH:  0    Dex: 17    Spells: 0/14 levels left
                                        Lives:  0   Deaths: 2

rFire   . . .      SeeInvis +     - Unarmed
rCold   + + +      Faith    .   (shield unavailable)
rNeg    . . .      Spirit   .   (body armour unavailable)
rPois   +          Reflect  .   (helmet unavailable)
rElec   .          Harm     .   (cloak unavailable)
rCorr   .          Rampage  .   (gloves unavailable)
Will    +....                   (boots unavailable)
Stlth   ++........              (no amulet)
HPRegen 0.14/turn               s - ring of protection from fire
MPRegen 0.14/turn               x - +6 ring of intelligence

@: ice-form
A: freezing attack, amphibious, boosted hp, large, (claws 1), (fangs 3), see
invisible, (speed 1), (shaggy fur 2), (stealthy paws), no weapons or thrown
items, no armour, multi-lived
a: End Transformation, Renounce Religion, Heroism


You were in a bailey.
You worshipped Okawaru.
Okawaru was most pleased with you.
You were a creature of crystalline ice.
You visited 1 branch of the dungeon, and saw 8 of its levels.
You also visited: Bailey.

You collected 394 gold pieces.

Inventory:

Jewellery
 m - a ring of ice
 s - a ring of protection from fire (left front paw)
 w - a +4 ring of protection
 x - a +6 ring of intelligence (right front paw)
 y - a ring of wizardry
Wands
 e - a wand of acid (10)
 n - a wand of roots (4)
Scrolls
 c - a scroll of vulnerability {unknown}
 f - 3 scrolls of amnesia {unknown}
 g - 4 scrolls of identify {unknown}
 h - 3 scrolls of immolation
 i - a scroll of teleportation {unknown}
 l - a scroll of silence {unknown}
 o - 2 scrolls of butterflies {unknown}
 p - 2 scrolls of magic mapping {unknown}
 q - a scroll of acquirement {unknown}
 r - a scroll of enchant armour {unknown}
 t - a scroll of fear {unknown}
 v - a scroll of poison {unknown}
Potions
 a - a potion of lignification
 b - 3 potions of haste
 d - a potion of mutation {unknown}
 j - 2 potions of flight {unknown}
 k - 2 potions of curing {unknown}
 u - a potion of might {unknown}
 z - 2 potions of magic {unknown}
 A - a potion of degeneration {unknown}


   Skills:
 + Level 5.0 Fighting
 - Level 6.1 Dodging
 - Level 3.0 Unarmed Combat
 - Level 3.5 Spellcasting
 - Level 7.1 Transmutations
 - Level 5.7 Ice Magic
 - Level 5.1 Poison Magic
 - Level 4.3 Invocations


You couldn't memorise any spells.
You knew the following spells:

 Your Spells              Type           Power      Damage    Failure   Level
a - Beastly Appendage     Tmut           76%        N/A       1%          1
b - Wereblood             Tmut           38%        N/A       1%          2
c - Spider Form           Tmut/Pois      33%        N/A       2%          3
d - Ice Form              Ice/Tmut       35%        N/A       8%          4
e - Olgreb's Toxic Radia  Pois           28%        N/A       13%         4
z - Sting                 Tmut/Pois      100%       1d8       1%          1

Your spell library contained the following spells:

 Spells                   Type           Power      Damage    Failure   Level
 Passwall                 Tmut/Erth      17%        N/A       3%          2
 Poisonous Vapours        Pois/Air       32%        N/A       5%          2
 Sandblast                Erth           8%         2d5       11%         1
 Stone Arrow              Conj/Erth      8%         3d7       30%         3
 Yara's Violent Unravell  Hex/Tmut       10%        3d6       54%         5
 Passage of Golubria      Tloc           4%         N/A       71%         4
 Tukima's Dance           Hex            Unusable   N/A       N/A         3

Dungeon Overview and Level Annotations

Branches:
Dungeon (8/15)             Temple (0/1) D:7          Bailey (1/1)
   Lair: D:8-11

Altars:
Ashenzari
Cheibriados
Dithmenos
Hepliaklqana
Nemelex Xobeh
Okawaru
Ru
Trog
Xom

Shops:
D:5 (

Annotations:
D:4 1 runed translucent door, Renzlar's ghost, amateur GnFi
D:5 1 runed translucent door


Innate Abilities, Weirdness & Mutations

You are a creature of crystalline ice.
You have a powerful freezing melee attack.
You are amphibious.
Your maximum health is increased.
((You have sharp claws.))
((You have razor-sharp teeth.))
You have supernaturally acute eyesight. (SInv)
((You cover ground quickly. (Speed+)))
((You are covered in thick fur. (AC +2)))
((Your paws help you pounce on unaware monsters.))
You are incapable of wielding weapons or throwing items.
You cannot wear armour.
You gain extra lives every three experience levels.


Message History

Ouch! That really hurt!
You die...
Your shape twists and changes as you die.
You are now level 7!
Your horns disappear.
You rejoin the land of the living...
Found three items.
y - a ring of wizardry You start waiting.
An orc warrior opens the door.
It is wielding a +0 spear.
Casting: Beastly Appendage (safe; 1% risk of failure)
Confirm with . or Enter, or press ? or * to list all spells.
The spell is quite dangerous to miscast (8% risk of failure)!
Continue anyway?
You turn into a creature of crystalline ice.
You kill the orc warrior!
Okawaru accepts your kill.
Your Fighting skill increases to level 5!
Welcome back to level 8!
There is an open door here.
Okay, then.
Casting: Ice Form (quite dangerous; 8% risk of failure)
Confirm with . or Enter, or press ? or * to list all spells.
The spell is quite dangerous to miscast (13% risk of failure)!
Continue anyway?
You begin to radiate toxic energy.
The orc knight looks even sicker.
Your toxic aura wanes.
The orc knight hits you with a +0 bardiche!
Things that are here:
a +0 spear; a +0 plate armour; an orc corpse You hit the orc knight but do no damage.
The orc knight is heavily wounded.
The orc knight hits you with a +0 bardiche!
You punch the orc knight! You freeze the orc knight.
The orc knight is severely wounded.
The orc knight hits you with a +0 bardiche!
* * * LOW HITPOINT WARNING * * *
Okay, then.
You punch the orc knight! You freeze the orc knight.
The orc knight is almost dead.
The orc knight hits you with a +0 bardiche!
You die...

.~.#############+###†#########.~.
.~.## ##.........## ##.~. .~..##
#+..≈≈≈≈≈≈≈..## ##..~. .~~..##
#..§≈...).≈≈..## ##..~~. #)~~..#
......⌠∩⌠......#'#..~~.∩
∩.~~..#+#..≈≈...⌠...≈≈..#'#..~~.#
)~~..##.##..≈≈§§§..≈≈..##.##..~~.
)~..##.$.##..≈§§o≈≈≈..+#...##..~.
.~.##.$$$.##...§Y....##.....##)~.
.~.#############'#############.~.
))..........##.....##....).....~.
.~~))~~~~~~..##[.[##..~~~~~~~~~~.
...)......~~..##.##..~~..........
#).######..~~..###..~~..#########
..## ##..~~.....~~..## #.)#
##..~~~~~~~..## ∩∩##
##.........##


You could see an orc knight (very poisoned).

Vanquished Creatures
  A two-headed ogre (D:6)
  A wyvern (D:7)
  The ghost of Jingleheimer the Shooter, an amateur MiHu (D:5)
  A water moccasin (D:5)
  3 orc warriors (Bailey)
  An ice beast (D:6)
  3 black bears
  An ogre (D:7)
  2 centaurs
  A phantom (D:7)
  A gnoll sergeant (D:7)
  A bullfrog (D:6)
  2 scorpions (D:6)
  5 wights
  4 killer bees (D:7)
  Crazy Yiuf (D:7)
  A hound (D:6)
  2 jellies (D:6)
  A gnoll bouda (D:6)
  Ijyb (D:4)
  4 iguanas
  An orc wizard (D:7)
  Robin (D:4)
  11 gnolls
  11 adders
  An ufetubus (D:4)
  4 dart slugs
  27 orcs
  5 ball pythons
  6 endoplasms
  A giant cockroach (D:1)
  20 goblins
  11 hobgoblins
  8 jackals
  4 quokkas
  2 bats (D:1)
  6 frilled lizards
  7 kobolds
  10 rats
174 creatures vanquished.

Vanquished Creatures (others)
  2 goblins (D:4)
  2 fungi (D:1)
  A plant (D:1)
5 creatures vanquished.

Grand Total: 179 creatures vanquished

Notes
Turn   | Place    | Note
-------+----------+-------------------------------------------
     0 | D:1      | worthlessgem the Felid Transmuter began the quest for the
                  | Orb.
     0 | D:1      | Reached XP level 1. HP: 9/9 MP: 4/4
   229 | D:1      | Reached skill level 3 in Transmutations
   229 | D:1      | Reached XP level 2. HP: 12/12 MP: 4/6
   232 | D:1      | Learned a level 2 spell: Wereblood
   444 | D:1      | Found a faded altar of an unknown god.
   939 | D:2      | Reached XP level 3. HP: 14/15 MP: 5/7
   943 | D:2      | Learned a level 3 spell: Spider Form
  1065 | D:2      | Reached skill level 4 in Transmutations
  1682 | D:2      | Found an iron altar of Okawaru.
  2150 | D:2      | Reached XP level 4. HP: 14/19 MP: 5/8
  2307 | D:2      | Reached skill level 1 in Poison Magic
  2387 | D:2      | Became a worshipper of Warmaster Okawaru
  2404 | D:3      | You fall into a shaft and drop 2 floors!
  2404 | D:5      | Entered Level 5 of the Dungeon
  2406 | D:5      | Noticed a water moccasin
  2413 | D:5      | Killed a water moccasin
  2413 | D:5      | Reached * piety under Okawaru
  2414 | D:5      | Reached skill level 5 in Transmutations
  2414 | D:5      | Reached XP level 5. HP: 22/22 MP: 6/9
  2480 | D:4      | Noticed Robin
  2505 | D:4      | Killed Robin
  2541 | D:4      | Learned a level 1 spell: Sting
  2983 | D:3      | Reached skill level 6 in Transmutations
  3173 | D:4      | Noticed a black bear
  3224 | D:4      | Gained mutation: You are covered in thick fur. (AC +2)
                  | [Felid growth]
  3224 | D:4      | Reached XP level 6. HP: 25/25 MP: 6/10
  3244 | D:4      | Found a runed translucent door.
  3244 | D:4      | Noticed Renzlar's ghost (amateur GnFi)
  3615 | D:4      | Noticed Ijyb
  3628 | D:4      | Killed Ijyb
  4087 | D:4      | Reached skill level 7 in Transmutations
  4087 | D:4      | Reached XP level 7. HP: 27/30 MP: 5/11
  4326 | D:5      | Found Iskauth's Weapon Emporium.
  4384 | D:5      | Found a sparkling altar of Nemelex Xobeh.
  4385 | D:5      | Found a bloodstained altar of Trog.
  4385 | D:5      | Found a sacrificial altar of Ru.
  4387 | D:5      | Found a broken altar of Ashenzari.
  4388 | D:5      | Found a shimmering altar of Xom.
  4389 | D:5      | Found a snail-covered altar of Cheibriados.
  4389 | D:5      | Found a hazy altar of Hepliaklqana.
  4390 | D:5      | Found a shadowy altar of Dithmenos.
  4807 | D:6      | Reached ** piety under Okawaru
  4808 | D:6      | Reached skill level 1 in Ice Magic
  4950 | D:6      | Reached skill level 1 in Invocations
  4980 | D:6      | Noticed a two-headed ogre
  5069 | D:6      | Killed a two-headed ogre
  5070 | D:6      | Reached XP level 8. HP: 34/34 MP: 3/14
  5077 | D:6      | Learned a level 4 spell: Ice Form
  5961 | D:6      | Reached skill level 5 in Dodging
  6272 | D:5      | Reached skill level 5 in Ice Magic
  6278 | D:5      | Found a runed translucent door.
  6808 | D:5      | Reached XP level 9. HP: 39/39 MP: 11/15
  6855 | D:5      | Noticed Jingleheimer's ghost (amateur MiHu)
  7059 | D:5      | Found a runed translucent door.
  7115 | D:5      | Killed Jingleheimer's ghost
  7181 | D:7      | Learned a level 4 spell: Olgreb's Toxic Radiance
  7528 | D:7      | Reached *** piety under Okawaru
  7970 | D:7      | HP: 1/39 [gnoll/+0 halberd[a gnoll sergeant] (8)]
  7970 | D:7      | Slain by a gnoll
  7971 | D:7      | Reached XP level 8. HP: 0/36 MP: 6/14
  7996 | D:7      | Found a runed translucent door.
  7999 | D:7      | Noticed Crazy Yiuf
  8028 | D:7      | Killed Crazy Yiuf
  8152 | D:7      | Found a staircase to the Ecumenical Temple.
  8679 | D:8      | Found a flagged portal.
  8682 | D:8      | Identified the +9 halberd of Superiority {flame, Str+3}
  8685 | Bailey   | Entered a bailey
  8790 | Bailey   | Reached skill level 5 in Poison Magic
  9020 | Bailey   | Noticed an orc knight
  9036 | Bailey   | Slain by an orc warrior
  9037 | Bailey   | Reached XP level 7. HP: -1/33 MP: 0/13
  9037 | Bailey   | Found the +8 orange crystal plate armour {Archmagi, Int+3
                  | Clar}
  9050 | Bailey   | Reached skill level 5 in Fighting
  9050 | Bailey   | Reached XP level 8. HP: 37/37 MP: 10/14
  9055 | Bailey   | Mangled by an orc knight

Illustrated notes

Levels and vault maps discovered:
D:1:      dpeg_arrival_line_fractal, layout_loops_ring,
          dreamdust_ecumenical_altar_grove
D:2:      layout_loops_corners, basic_altar, kennysheep_generic_room_6
D:3:      layout_rooms
D:4:      kennysheep_goblin_castle, layout_basic,
          hellmonk_ghost_happy_afterlife, uniq_robin
D:5:      layout_cave_pools, grunt_temple_overflow_open, ebering_ghost_sewer_f,
          serial_shops, shop
D:6:      layout_loops_ring
D:7:      layout_loops_cross, temple_statues, solitary_fountain,
          uniq_crazy_yiuf_cottage
D:8:      layout_basic, enter_bailey_2
Bailey:   bailey_polearm_1, bailey

Skill      XL: |  1  2  3  4  5  6  7  8  9 |
---------------+----------------------------+-----
Transmutations | 3 4 5 6 7 |  7.1
Poison Magic   | 2 5 4 |  5.1
Dodging        | 4 5 6 |  6.1
Fighting       | 2 5 3 4 |  5.0
Ice Magic      | 3 5 |  5.7
Invocations    | 2 3 4 |  4.3
Spellcasting   | 3 |  3.5
Unarmed Combat | |  3.0

Action                   |  1- 3 |  4- 6 |  7- 9 || total
-------------------------+-------+-------+-------++-------
Melee: Unarmed           |   113 |   123 |   176 ||   412
       Bite              |    12 |     7 |     4 ||    23
       Headbutt          |    12 |     2 |     4 ||    18
       Punch             |     1 |     4 |       ||     5
 Cast: Beastly Appendage |    18 |     5 |     4 ||    27
       Wereblood         |    10 |     9 |     9 ||    28
       Sting             |       |    26 |    57 ||    83
       Spider Form       |       |     7 |    10 ||    17
       Ice Form          |       |       |    13 ||    13
       Olgreb's Toxic Ra |       |       |    16 ||    16
Invok: Heroism           |       |       |     3 ||     3
 Abil: End Transformatio |       |       |     8 ||     8
Evoke: Wand              |       |     3 |     4 ||     7
  Use: Potion            |       |     1 |     3 ||     4
       Scroll            |       |       |     2 ||     2
 Stab: Sleeping          |     2 |     2 |       ||     4
Armor: Skin              |     1 |    17 |    36 ||    54
Dodge: Dodged            |    69 |   123 |   155 ||   347
